 Dungeon Crawl Stone Soup version 0.23.2-1-ga50397a (webtiles) character file.

Game seed: 7468823887962543634

366 troglodite the Skirmisher (level 6, 0/49 HPs)
             Began as a Demonspawn Berserker on May 6, 2019.
             Was a Believer of Trog.
             Slain by an orc
             ... wielding a +0 spear
              (1 damage)
             ... on level 4 of the Dungeon.
             The game lasted 00:15:29 (3866 turns).

troglodite the Skirmisher (Demonspawn Berserker)    Turns: 3866, Time: 00:15:30

Health: 0/49       AC: 13    Str: 17    XL:     6   Next: 40%
Magic:  6/6        EV:  8    Int: 11    God:    Trog [**....]
Gold:   121        SH:  0    Dex: 15    Spells: 5/5 levels left

rFire    . . .     SeeInvis .   a - +0 falchion
rCold    . . .     Gourm    .   (no shield)
rNeg     . . .     Faith    .   r - +0 chain mail
rPois    .         Spirit   .   (helmet restricted)
rElec    .         Reflect  .   i - +0 cloak
rCorr    .         Harm     .   (no gloves)
MR       .....                  (no boots)
Stlth    ..........             (no amulet)
HPRegen  0.16/turn              k - +3 ring of intelligence
MPRegen  0.10/turn              d - +1 ring of protection

@: berserk cooldown, slowed, very slow
A: antennae 1, thin metallic scales 1
a: Berserk, Trog's Hand, Renounce Religion


You were on level 4 of the Dungeon.
You worshipped Trog.
Trog was pleased with you.
You were very hungry.

You visited 1 branch of the dungeon, and saw 4 of its levels.

You collected 121 gold pieces.

Inventory:

Hand Weapons
 a - a +0 falchion (weapon)
Armour
 i - a +0 cloak (worn)
 r - a +0 chain mail (worn)
Jewellery
 d - a +1 ring of protection (right hand)
 k - a +3 ring of intelligence (left hand)
Wands
 m - a wand of polymorph (9)
 n - a wand of scattershot (5)
Scrolls
 b - a scroll of noise {unknown}
 e - 2 scrolls of blinking {unknown}
 f - 2 scrolls of immolation {unknown}
 g - a scroll of magic mapping {unknown}
 h - 2 scrolls of amnesia {unknown}
 j - a scroll of fog {unknown}
 q - a scroll of enchant weapon {unknown}
Potions
 l - a potion of agility
 o - a potion of degeneration {unknown}
 p - a potion of curing {unknown}
Comestibles
 c - 3 rations
 s - 3 chunks of flesh


   Skills:
 * Level 4.4 Fighting
 + Level 4.2 Long Blades
 * Level 3.5 Armour
 * Level 2.9 Dodging
 + Level 0.1 Unarmed Combat


You had 5 spell levels left.
You didn't know any spells.
Your spell library was empty.

Dungeon Overview and Level Annotations

Branches:
Dungeon (4/15)
 Temple: D:4-7

Altars:
Cheibriados
Hepliaklqana
Zin
The Shining One


Innate Abilities, Weirdness & Mutations

You have a pair of small antennae on your head.
You are partially covered in thin metallic scales. (AC +2)


Message History

The gnoll is moderately wounded.
The gnoll hits you with a +0 halberd!
You hit the gnoll but do no damage.
The gnoll is moderately wounded.
The gnoll barely misses you.
An orc comes into view. It is wielding a +0 spear.
The gnoll hits you with a +0 halberd.
* * * LOW HITPOINT WARNING * * *
You hit the gnoll.
The gnoll is severely wounded.
The gnoll hits you with a +0 halberd.
* * * LOW HITPOINT WARNING * * *
You hit the gnoll.
The gnoll is severely wounded.
The gnoll hits you but does no damage.
The gnoll hits you from afar with a +0 halberd!
* * * LOW HITPOINT WARNING * * *
The gnoll barely misses you.
The orc hits you from afar with a +0 spear.
You die...

#...............#
#...............#
#...............
#.............
#....)......####
#........).....#
#.......o)..#
#.......g)..###
#รท#...@........#
#.#####....###.#
#......#
.........#
######.#
#########. ###


You could see a gnoll and an orc.

Vanquished Creatures
  A hound (D:4)
  A gnoll shaman (D:4)
  Terence (D:2)
  2 worker ants (D:4)
  10 gnolls
  6 adders
  An ooze (D:3)
  2 worms
  A dart slug (D:1)
  6 giant cockroaches
  7 goblins
  8 hobgoblins
  12 jackals
  A quokka (D:3)
  2 ball pythons (D:2)
  9 bats
  3 frilled lizards (D:3)
  4 kobolds (D:3)
  4 rats
81 creatures vanquished.

Vanquished Creatures (others)
  A bush (D:2)
1 creature vanquished.

Grand Total: 82 creatures vanquished

Notes
Turn   | Place    | Note
-------+----------+-------------------------------------------
     0 | D:1      | troglodite the Demonspawn Berserker began the quest for the
                  | Orb.
     0 | D:1      | Reached XP level 1. HP: 18/18 MP: 1/1
   216 | D:1      | Gained mutation: You have a pair of small antennae on your
                  | head. [demonic ancestry]
   216 | D:1      | Reached XP level 2. HP: 18/24 MP: 2/2
  1024 | D:2      | Reached XP level 3. HP: 25/29 MP: 3/3
  1279 | D:2      | Reached ** piety under Trog
  1625 | D:2      | Found a snail-covered altar of Cheibriados.
  1628 | D:2      | Found a glowing silver altar of Zin.
  1628 | D:2      | Noticed Terence
  1841 | D:2      | Found a glowing golden altar of the Shining One.
  1845 | D:2      | Reached XP level 4. HP: 36/36 MP: 4/4
  2255 | D:2      | Killed Terence
  2646 | D:3      | Found a hazy altar of Hepliaklqana.
  2663 | D:3      | Gained mutation: You are partially covered in thin metallic
                  | scales. (AC +2) [demonic ancestry]
  2663 | D:3      | Reached XP level 5. HP: 39/42 MP: 5/5
  3811 | D:4      | Reached XP level 6. HP: 49/49 MP: 6/6
  3864 | D:4      | HP: 1/49 [gnoll/+0 halberd (10)]
  3866 | D:4      | Slain by an orc

Skill      XL: |  1  2  3  4  5 |
---------------+----------------+-----
Dodging        | 2 |  2.9
Armour         | 2 3 |  3.5
Long Blades    | 3 4 |  4.2
Fighting       | 4 |  4.4
Unarmed Combat | |  0.1

Action                   |  1- 3 |  4- 6 || total
-------------------------+-------+-------++-------
Melee: Falchion          |   162 |   136 ||   298
       Unarmed           |       |    11 ||    11
Invok: Berserk           |     1 |     6 ||     7
  Eat: Chunk             |     2 |    10 ||    12
       Ration            |     1 |       ||     1
Armor: Animal skin       |    29 |       ||    29
       Ring mail         |    23 |    53 ||    76
       Chain mail        |       |    34 ||    34
Dodge: Dodged            |    88 |   134 ||   222
       Rpst.: Falchion   |    29 |    31 ||    60
